 Dungeon Crawl Stone Soup version 0.27.1-34-g3ba077fa99 (webtiles) character file.

Game seed: 16658995195363433838

24 pkoi the Insei (level 2, -1/26 HPs)
             Began as a Draconian Monk on Jan 13, 2022.
             Slain by a frilled lizard (3 damage)
             ... on level 2 of the Dungeon.
             The game lasted 00:01:01 (1278 turns).

pkoi the Insei (Draconian Monk)                     Turns: 1278, Time: 00:01:01

Health: -1/26      AC:  5    Str: 13    XL:     2   Next: 79%
Magic:  2/2        EV:  9    Int: 16    God:
Gold:   80         SH:  0    Dex: 13    Spells: 1/1 levels left

rFire    . . .     SeeInvis .     - Unarmed
rCold    . . .     Faith    .   (no shield)
rNeg     . . .     Spirit   .   (armour unavailable)
rPois    .         Reflect  .   (helmet restricted)
rElec    .         Harm     .   (no cloak)
rCorr    .         Rampage  .   (no gloves)
Will     .....                  e - +0 pair of boots
Stlth    ++........             (no amulet)
HPRegen  0.08/turn              a - +6 ring of intelligence
MPRegen  0.08/turn              (no ring)

@: constricted
A: AC +4, unfitting armour, cold-blooded
a: no special abilities


You were on level 2 of the Dungeon.
You visited 1 branch of the dungeon, and saw 2 of its levels.

You collected 80 gold pieces.

Inventory:

Armour
 e - a +0 pair of boots (worn)
Jewellery
 a - a +6 ring of intelligence (left hand)
Wands
 f - a wand of iceblast (8)
Scrolls
 b - a scroll of fog {unknown}
 d - a scroll of identify {unknown}
Potions
 c - a potion of curing {unknown}


   Skills:
 - Level 3.2 Fighting
 - Level 2.6 Dodging
 - Level 1.7 Stealth
 + Level 4.1 Unarmed Combat


You had one spell level left.
You didn't know any spells.
Your spell library was empty.

Dungeon Overview and Level Annotations

Branches:
Dungeon (2/15)

Altars:

Shops:
D:2 *


Innate Abilities, Weirdness & Mutations

Your plain brown scales are hard. (AC +4)
You cannot fit into any form of body armour.
You are cold-blooded and may be slowed by cold attacks.


Message History

The worm is heavily wounded.
The ball python bites you. The ball python closely misses you.
You are too injured to fight recklessly!
You are too injured to fight recklessly!
You are too injured to fight recklessly!
You are too injured to fight recklessly!
You hit the worm.
Your tail-slap misses the worm.
The worm is heavily wounded.
The ball python closely misses you. The ball python grabs you.
The ball python constricts you.
A rat comes into view.
The worm barely misses you.
You hit the worm.
You tail-slap the worm, but do no damage.
The worm is severely wounded.
The ball python misses you. The ball python constricts you.
You completely miss the worm.
The worm is severely wounded.
The ball python bites you but does no damage.
The ball python constricts you. The worm bites you!
* * * LOW HITPOINT WARNING * * *
You barely miss the worm.
The worm is severely wounded.
The ball python bites you.
* * * LOW HITPOINT WARNING * * *
The ball python constricts you.
The frilled lizard bites you but does no damage.
The ball python bites you.
* * * LOW HITPOINT WARNING * * *
The ball python constricts you.
You barely miss the worm.
The worm is severely wounded.
The frilled lizard bites you but does no damage.
The worm bites you.
* * * LOW HITPOINT WARNING * * *
The ball python barely misses you. The ball python constricts you.
* * * LOW HITPOINT WARNING * * *
The ball python's grasp on you weakens, but your attempt to escape fails.
The frilled lizard bites you.
You die...

########### #
##...>....# . ...
##.######.#.# #..
##.######.#.# #.#
............# #.#
##.#####..### #.#
. ....# #..#
###.####... ###.#
#.>####..Sl.r....
#.# #........@w.#
#.#
#.#.......#......
#.# #<#.....###
##.#. #.#
#.......... #.#
###.....### #.#
#.....# #.#
###.### #.# ...
#.#


You could see a worm, a ball python, a frilled lizard and a rat.

Vanquished Creatures
  5 bats (D:1)
  3 endoplasms (D:1)
  4 goblins
  2 hobgoblins (D:1)
  A quokka (D:2)
  4 ball pythons
  2 frilled lizards
  A rat (D:1)
22 creatures vanquished.

Notes
Turn   | Place    | Note
-------+----------+-------------------------------------------
     0 | D:1      | pkoi the Draconian Monk began the quest for the Orb.
     0 | D:1      | Reached XP level 1. HP: 19/19 MP: 1/1
   278 | D:1      | Reached XP level 2. HP: 26/26 MP: 2/2
   686 | D:1      | Reached skill level 4 in Unarmed Combat
   750 | D:2      | Found Pics's General Store.
  1278 | D:2      | Slain by a frilled lizard

Illustrated notes

Levels and vault maps discovered:
D:1:      amcnicky_arrival_wind_blow, layout_basic
D:2:      layout_loops_ring, serial_shops, nicolae_shop_behind_doors,
          uniq_crazy_yiuf_cottage

Skill      XL: |  1  2 |
---------------+-------+-----
Unarmed Combat | 4 |  4.1
Fighting       | |  3.2
Dodging        | |  2.6
Stealth        | |  1.7

Action                   || total
-------------------------++-------
Melee: Unarmed           ||    53
       Tailslap          ||     5
       Punch             ||     1
 Stab: Sleeping          ||     3
Armor: Skin              ||    16
Dodge: Dodged            ||    28
